 Dungeon Crawl Stone Soup version 0.21.1-1-g345015f (webtiles) character file.

387 sking99 the Cudgeler (level 6, -2/57 HPs)
             Began as a Minotaur Fighter on June 29, 2018.
             Killed by divine providence
             ... invoked by an orc priest
              (14 damage)
             ... on level 3 of the Dungeon.
             The game lasted 00:06:52 (2471 turns).

sking99 the Cudgeler (Minotaur Fighter)             Turns: 2471, Time: 00:06:52

Health: -2/57      AC: 10    Str: 20    XL:     6   Next: 49%
Magic:  5/5        EV:  5    Int:  5    God:
Gold:   111        SH:  9    Dex: 12    Spells: 5/5 levels left

rFire    . . .     SeeInvis .   a - +0 flail
rCold    . . .     Gourm    .   c - +0 shield
rNeg     . . .     Faith    .   e - +0 chain mail
rPois    .         Spirit   .   (helmet restricted)
rElec    .         Reflect  .   (no cloak)
rCorr    .         Harm     .   (no gloves)
MR       .....                  g - +0 pair of boots
Stlth    ..........             (no amulet)
HPRegen  0.19/turn              (no ring)
MPRegen  0.09/turn              (no ring)

@: flying
A: retaliatory headbutt, horns 2
a: no special abilities


You were on level 3 of the Dungeon.
You were not hungry.

You visited 1 branch of the dungeon, and saw 3 of its levels.

You collected 111 gold pieces.

Inventory:

Hand Weapons
 a - a +0 flail (weapon)
Armour
 b - a +0 scale mail
 c - a +0 shield (worn)
 e - a +0 chain mail (worn)
 g - a +0 pair of boots (worn)
Jewellery
 r - an uncursed ring of see invisible {unknown}
Scrolls
 h - a scroll of identify {unknown}
 j - a scroll of fog {unknown}
 k - a scroll of noise {unknown}
 l - a scroll of fear {unknown}
 m - a scroll of remove curse {unknown}
 n - a scroll of blinking {unknown}
 q - a scroll of magic mapping {unknown}
 s - a scroll of enchant armour {unknown}
Potions
 d - a potion of might
 i - a potion of invisibility {unknown}
 o - a potion of flight
 t - a potion of curing {unknown}
 v - a potion of magic
Books
 u - a book of Death

   Spells                             Type                      Level
   a - Corpse Rot                     Necromancy                   2
   b - Sublimation of Blood           Necromancy                   2
   c - Agony                          Necromancy                   5
   d - Dispel Undead                  Necromancy                   5
   e - Excruciating Wounds            Charms/Necromancy            5
   f - Bolt of Draining               Conjuration/Necromancy       5
Comestibles
 f - 6 rations


   Skills:
 + Level 5.9 Fighting
 * Level 7.0 Maces & Flails
 - Level 3.6 Armour
 - Level 3.6 Shields


You had 5 spell levels left.
You didn't know any spells.

Dungeon Overview and Level Annotations

Branches:
Dungeon (3/15)

Altars:

Annotations:
D:3 ChungusAmongUs's ghost, amateur GnWz


Innate Abilities, Weirdness & Mutations

You reflexively headbutt those who attack you in melee.
You have a pair of horns on your head.


Message History

You block ChungusAmongUs's ghost's attack.
You barely miss the orc priest.
The orc priest is lightly wounded.
The orc priest casts a cantrip, but nothing happens.
ChungusAmongUs's ghost hits you but does no damage.
Your shield and chain mail prevent you from hitting the orc priest.
Your headbutt misses the orc priest.
The orc priest is lightly wounded.
The orc priest hits you but does no damage.
ChungusAmongUs's ghost hits you.
* * * LOW HITPOINT WARNING * * *
It was a potion of flight.
You feel very buoyant.
You fly up into the air.
You block the orc priest's attack.
ChungusAmongUs's ghost hits you but does no damage.
Okay, then.
ChungusAmongUs's ghost mumbles some strange words.
The orc priest mumbles some strange prayers to Beogh against you.
Beogh smites you!
You die...

#.# #.# #.#
#.# #o# #o#
#.#
###########.#
#......)@oW5#
#.###########
#.# ##.##
########...##
..........#.#
########.#.##
##.## ###


You could see an orc priest, ChungusAmongUs's ghost and a crimson imp.

Vanquished Creatures
  Grinder (D:3)
  A crimson imp (D:3)
  An orc priest (D:3)
  A worker ant (D:2)
  3 adders
  An ooze (D:2)
  3 worms
  3 dart slugs
  2 leopard geckos
  An orc (D:3)
  A ball python (D:1)
  10 bats
  2 giant cockroaches
  4 hobgoblins
  4 jackals (D:3)
  A quokka (D:3)
  7 frilled lizards
  9 goblins
  8 kobolds
  7 rats
70 creatures vanquished.

Notes
Turn   | Place    | Note
-------+----------+-------------------------------------------
     0 | D:1      | sking99 the Minotaur Fighter began the quest for the Orb.
     0 | D:1      | Reached XP level 1. HP: 19/19 MP: 0/0
   165 | D:1      | Reached skill level 3 in Maces & Flails
   173 | D:1      | Reached XP level 2. HP: 23/27 MP: 1/1
   851 | D:2      | Reached XP level 3. HP: 32/33 MP: 2/2
   869 | D:2      | Reached skill level 4 in Maces & Flails
   994 | D:2      | Reached XP level 4. HP: 39/41 MP: 3/3
  1370 | D:3      | Noticed Grinder
  1372 | D:3      | Paralysed by Grinder for 4 turns
  1401 | D:3      | Reached skill level 5 in Maces & Flails
  1954 | D:3      | Reached skill level 5 in Fighting
  1954 | D:3      | Reached XP level 5. HP: 48/48 MP: 4/4
  2150 | D:3      | Paralysed by Grinder for 7 turns
  2162 | D:3      | Killed Grinder
  2162 | D:3      | Reached skill level 6 in Maces & Flails
  2162 | D:3      | Reached XP level 6. HP: 22/57 MP: 5/5
  2453 | D:3      | Reached skill level 7 in Maces & Flails
  2457 | D:3      | Noticed ChungusAmongUs's ghost (amateur GnWz)
  2471 | D:3      | Killed from afar by an orc priest

Skill      XL: |  1  2  3  4  5  6 |
---------------+-------------------+-----
Maces & Flails | 3 4 5 6 7 |  7.0
Fighting       | 4 5 |  5.9
Armour         | |  3.6
Shields        | |  3.6

Action                   |  1- 3 |  4- 6 || total
-------------------------+-------+-------++-------
Melee: Flail             |   101 |   139 ||   240
       Headbutt          |    13 |    17 ||    30
  Use: Scroll            |       |     1 ||     1
       Potion            |       |     3 ||     3
  Eat: Chunk             |       |     5 ||     5
Armor: Chain mail        |    69 |    88 ||   157
Dodge: Dodged            |    22 |    33 ||    55
Block: Shield            |    68 |    73 ||   141
